 Dungeon Crawl Stone Soup version 0.30-a0-760-g5a9884bb7c (webtiles) character file.

Game seed: 11488246975233556339

25 theblackgale the Conjurer (level 2, -6/19 HPs)
             Began as a Demonspawn Conjurer on Feb 9, 2023.
             Mangled by Sigmund
             ... wielding a +0 scythe
              (10 damage)
             ... on level 1 of the Dungeon on Feb 10, 2023.
             The game lasted 00:09:08 (554 turns).

theblackgale the Conjurer (Demonspawn Conjurer)      Turns: 554, Time: 00:09:09

Health: -6/19      AC:  4    Str:  7    XL:     2   Next: 86%
Magic:  5/5        EV: 12    Int: 19    God:
Gold:   51         SH:  0    Dex: 11    Spells: 4/5 levels left

rFire   + . .      SeeInvis .    (no weapon)
rCold   . . .      Faith    .    (no shield)
rNeg    . . .      Spirit   .    a - +1 robe
rPois   .          Reflect  .    (helmet restricted)
rElec   .          Harm     .    (no cloak)
rCorr   .          Rampage  .    (no gloves)
Will    .....                    e - +0 pair of boots
Stlth   +                        (no amulet)
HPRegen 0.23/turn                d - ring of protection from fire
MPRegen 0.09/turn                f - ring of wizardry

@: confused
A: horns 1
a: no special abilities


You were on level 1 of the Dungeon.
You visited 1 branch of the dungeon, and saw 2 of its levels.

You collected 74 gold pieces.
You spent 23 gold pieces at shops.

Inventory:

Armour
 a - a +1 robe (worn)
 e - a +0 pair of boots (worn)
Jewellery
 d - a ring of protection from fire (left hand)
 f - a ring of wizardry (right hand)
Potions
 b - a potion of magic
 c - a potion of attraction


   Skills:
 + Level 1.9 Dodging
 + Level 2.0 Stealth
 + Level 0.3 Unarmed Combat
 + Level 2.2 Spellcasting
 + Level 4.5 Conjurations


You had 4 spell levels left.
You knew the following spells:

 Your Spells              Type           Power      Damage    Failure   Level
a - Magic Dart            Conj           76%        1d6       1%          1

Your spell library contained the following spells:

 Spells                   Type           Power      Damage    Failure   Level
 Searing Ray              Conj           38%        2d5       1%          2
 Dazzling Flash           Conj/Hex       20%        N/A       8%          3
 Ignite Poison            Fire/Tmut/Pois 2%         N/A       21%         3
 Kindle Blastsparks       Fire/Tloc/Air  4%         2d10      21%         3
 Fulminant Prism          Conj/Hex       5%         3d7       26%         4
 Iskenderun's Mystic Bla  Conj/Tloc      10%        2d4       26%         4
 Freezing Cloud           Conj/Ice/Air   3%         6-21      65%         5


Dungeon Overview and Level Annotations

Branches:
Dungeon (2/15)

Altars:

Shops:
D:1 (*(

Annotations:
D:1 Sigmund


Innate Abilities, Weirdness & Mutations

You have a pair of small horns on your head.


Message History

You climb downwards.
Level annotation: Sigmund Sigmund hits you with a +0 scythe.
There is a stone staircase leading up, spattered with blood here.
You climb upwards.
There is a stone staircase leading down here.
Sigmund misses you. Sigmund casts a spell at you.
You are confused.
You're too confused to cast spells.
Unknown command.
Sigmund hits you from afar with a +0 scythe!
Ouch! That really hurt!
You're too confused to cast spells.
Unknown command.
Sigmund gestures wildly while chanting.
Sigmund flickers and vanishes!
Deactivating autopickup; reactivate with Ctrl-A.
You feel less confused. Something completely misses you.
Autopickup is now on.
Casting: Magic Dart (safe; 1% risk of failure)
Confirm with . or Enter, or press ? or * to list all spells.
You can't see any susceptible monsters within range! (Use Z to cast anyway.)
You hear some strange, mumbled words.
Deactivating autopickup; reactivate with Ctrl-A.
You are confused.
Something hits you!
* * * LOW HITPOINT WARNING * * *
You barely miss something.
You hear some strange, mumbled words.
You are more confused.
Something barely misses you.
You hear some strange, mumbled words.
A puff of flame appears from out of thin air!
The puff of flame misses you.
You are too confused!
You're too confused to move!
Something hits you!
Ouch! That really hurt!
You die...

#** ..** #..# *#.#
##.# ...# ##)#
############# #.**
##.....#.....##
#..*##.........@...##
##..##............♣..#
(...............♣.∩.♣#
##................♣..#
#..##.†.............#
#..##.†..>.....)....#
#....#....)........##
#.##.##.....#.....##
#.##.##############


There were no monsters in sight!

Vanquished Creatures
  2 bats (D:1)
  An endoplasm (D:1)
  3 giant cockroaches (D:1)
  6 goblins (D:1)
  3 hobgoblins (D:1)
  2 ball pythons (D:1)
  3 frilled lizards (D:1)
  A kobold (D:1)
  2 rats (D:1)
23 creatures vanquished.

Notes
Turn   | Place    | Note
-------+----------+-------------------------------------------
     0 | D:1      | theblackgale the Demonspawn Conjurer began the quest for
                  | the Orb.
     0 | D:1      | Reached XP level 1. HP: 13/13 MP: 3/3
    18 | D:1      | Upgraded the game from 0.30-a0-757-ga6a79fd877 to
                  | 0.30-a0-760-g5a9884bb7c
    61 | D:1      | Found Loneucaom's Antique Weapon Shop.
   163 | D:1      | Gained mutation: You have a pair of small horns on your
                  | head. [demonic ancestry]
   163 | D:1      | Reached XP level 2. HP: 19/19 MP: 1/5
   368 | D:1      | Found Kein's Assorted Antiques.
   376 | D:1      | Bought a murky blue potion for 23 gold pieces
   440 | D:1      | Found Violim Gaugh's Antique Weapon Boutique.
   467 | D:2      | Noticed Sigmund
   554 | D:1      | Mangled by Sigmund

Illustrated notes

Levels and vault maps discovered:
D:1:      matt_arrival_refuge, layout_rooms, serial_shops,
          nicolae_shop_statue_plus, nicolae_shop_trees,
          nicolae_shop_competitors_out_of_business, nicolae_shop_behind_doors,
          hangedman_decor_clover_reticule
D:2:      layout_rooms, uniq_terence, uniq_sigmund, uniq_jessica

Skill      XL: |  1  2 |
---------------+-------+-----
Stealth        | 2 |  2.0
Dodging        | |  1.9
Unarmed Combat | |  0.3
Spellcasting   | |  2.2
Conjurations   | |  4.5

Action                     || total
---------------------------++-------
  Melee: Unarmed           ||    31
         Headbutt          ||     5
   Cast: Magic Dart        ||    33
    Use: Potion            ||     3
         Scroll            ||     3
   Stab: Sleeping          ||     1
 Armour: Robe              ||    26
  Dodge: Dodged            ||    25

Table legend: (Time is in decaauts)
 A = Elapsed time spent in this place.
 B = Non-inter-level travel time spent in this place.
 C = Inter-level travel time spent in this place.
 D = Time resting spent in this place.
 E = Time spent auto-exploring this place.
 F = Levels seen in this place.
 G = Mean time per level.
                   A        B        C        D        E       F      G
               +--------+--------+--------+--------+--------+-----+--------+
         Total |    554 |    212 |    342 |     44 |      0 |   2 |  277.0 |
       Dungeon |    554 |    212 |    342 |     44 |      0 |   2 |  277.0 |
               +--------+--------+--------+--------+--------+-----+--------+

Top non-repeatable levels by time:
     D:1: 544 daAuts
     D:2: 10 daAuts
